 Dungeon Crawl Stone Soup version 0.31-a0-188-g5e087ee2ca (webtiles) character file.

Game seed: 3855505091925657245

28 qw the Shooter (level 2, -3/16 HPs)
             Began as a Deep Elf Hunter on June 23, 2023.
             Slain by a worm (5 damage)
             ... on level 1 of the Dungeon.
             The game lasted 00:00:17 (558 turns).

qw the Shooter (Deep Elf Hunter)                     Turns: 558, Time: 00:00:17

Health: -3/16      AC:  3    Str:  8    XL:     2   Next: 96%
Magic:  4/4        EV: 12    Int: 13    God:
Gold:   44         SH:  0    Dex: 18    Spells: 1/1 levels left

rFire   . . .        Y - +0 shortbow
rCold   . . .        (shield currently unavailable)
rNeg    . . .        c - +0 leather armour
rPois   .            (no helmet)
rElec   .            (no cloak)
rCorr   .            (no gloves)
SInv    +            (no boots)
Will    .....        (no amulet)
Stlth   ++           e - ring of see invisible
HPRegen 0.22/turn    (no ring)
MPRegen 0.09/turn

%: no passive effects
@: no status effects
A: no striking features
a: no special abilities


You were on level 1 of the Dungeon.
You visited 1 branch of the dungeon, and saw 2 of its levels.

You collected 44 gold pieces.


   Skills:
 - Level 1.5 Fighting
 + Level 6.6 Ranged Weapons
 - Level 2.4 Dodging
 - Level 1.2 Stealth


You had one spell level left.
You didn't know any spells.
Your spell library was empty.

Inventory:

Hand Weapons
 Y - a +0 shortbow (weapon)
Armour
 c - a +0 leather armour (worn)
Jewellery
 e - a ring of see invisible (left hand)
Potions
 g - a potion of degeneration {unknown}

Dungeon Overview and Level Annotations

Branches:
Dungeon (2/15)

Altars:


Message History

There is a stone staircase leading up here.
There are monsters nearby!
Waypoint 1 assigned to D:2.
You shoot an arrow. The arrow hits the worm.
The worm is lightly wounded.
The ball python hisses angrily.
You shoot an arrow.
The arrow hits the worm but does no damage.
The worm is lightly wounded.
The worm bites you but does no damage.
You shoot an arrow. The arrow barely misses the worm.
The ball python misses you. The ball python grabs you.
The ball python constricts you. The rat barely misses you.
The ball python bites you. The ball python constricts you.
The worm closely misses you.
You shoot an arrow. The arrow hits the ball python.
The ball python is severely wounded.
The ball python bites you. The ball python constricts you.
The rat closely misses you.
You shoot an arrow. The arrow hits the ball python.
You kill the ball python!
The rat bites you but does no damage. The worm bites you!
552 ||| STAIRDANCE The rat misses you.
The worm bites you but does no damage.
You climb upwards.
There is a stone staircase leading down here.
You shoot an arrow. The arrow hits the worm!
The worm is heavily wounded.
The rat closely misses you.
You shoot an arrow. The arrow hits the worm!
The worm is severely wounded.
The rat closely misses you. The worm bites you.
The rat bites you but does no damage.
You shoot an arrow. The arrow barely misses the worm.
The rat misses you. The worm misses you.
You shoot an arrow. The arrow hits the worm.
The worm is almost dead.
The rat barely misses you.
You shoot an arrow. The arrow barely misses the worm.
The worm bites you.
You die...

...### #..## #....###............
#....####..###.........#......>.#
#.......##.#.............########
#................######### ###
#.#..............# ##..
#.#....#...###...# ##...
#.#.............## #....
#.#.###.##.####r#### #....
#>#.....##.# #w@..### #....
#.....####.#######...########....
..##.###....%.# ###.......##....
..##..##......# #######.......
..###..#%.(...# ####.... ..#
##.#......# #.... #.# #.#......#
#.... #.# #.#......# #.... #.#
#..#...(## ##...


You could see a worm and a rat.

Vanquished Creatures
  A dart slug (D:1)
  3 ball pythons
  3 bats (D:1)
  A giant cockroach (D:1)
  4 hobgoblins (D:1)
  2 kobolds (D:1)
  2 quokkas (D:1)
  4 goblins (D:1)
  2 rats (D:1)
22 creatures vanquished.

Notes
Turn   | Place    | Note
-------+----------+-------------------------------------------
     0 | D:1      | qw the Deep Elf Hunter began the quest for the Orb.
     0 | D:1      | Reached XP level 1. HP: 12/12 MP: 3/3
     0 | D:1      | 0 ||| qw: Version: 0.3-a-9-g12657ce
     0 | D:1      | 0 ||| qw: Game counter: 3605
     0 | D:1      | 0 ||| qw: Always use a shield: true
     0 | D:1      | 0 ||| qw: God list: Okawaru
     0 | D:1      | 0 ||| qw: Allow faded altars: false
     0 | D:1      | 0 ||| qw: Do Orc after D:15 true
     0 | D:1      | 0 ||| qw: Do second Lair branch before Depths: true
     0 | D:1      | 0 ||| qw: Lair rune preference: random
     0 | D:1      | 0 ||| qw: Plans: Normal
     0 | D:1      | 0 ||| PLANNING D:1-11
   118 | D:1      | Reached XP level 2. HP: 16/16 MP: 4/4
   124 | D:1      | Reached skill level 6 in Ranged Weapons
   476 | D:1      | 476 ||| UPGRADING to ring of see invisible.
   477 | D:1      | 477 ||| READING scroll labelled JYLETO VARGHOE.
   478 | D:1      | 478 ||| READING scroll labelled VYVYMI GAUNACHEM.
   479 | D:1      | 479 ||| READING scroll labelled POALLU EGAE.
   509 | D:1      | 509 ||| DROPPING scroll of butterflies.
   551 | D:2      | HP: 4/16 [worm (7)]
   552 | D:2      | 552 ||| STAIRDANCE
   555 | D:1      | HP: 1/16 [worm (4)]
   558 | D:1      | Slain by a worm

Levels and vault maps discovered:
D:1:      dpeg_arrival_rooms_with_view, layout_rooms
D:2:      layout_loops_ring, minmay_misc_feat_alley

Skill      XL: |  1  2 |
---------------+-------+-----
Ranged Weapons | 6 |  6.6
Fighting       | |  1.5
Dodging        | |  2.4
Stealth        | |  1.2

Action                     || total
---------------------------++-------
   Fire: Shortbow          ||    68
    Use: Scroll            ||     3
 Armour: Leather armour    ||     9
  Dodge: Dodged            ||    27

Table legend:
 A = Non-vault XP
 B = Vault XP
 C = Vault XP percentage of total XP
 D = Non-vault monster count
 E = Vault monster count
 F = Vault count percentage of total count
                 A         B        C        D         E       F
            +---------+---------+-------+---------+---------+-------
      Total |      37 |       3 |   7.5 |      20 |       2 |   9.1
            +---------+---------+-------+---------+---------+-------
        D:1 |      35 |       3 |   7.9 |      19 |       2 |   9.5
        D:2 |       2 |       0 |   0.0 |       1 |       0 |   0.0
            +---------+---------+-------+---------+---------+-------
